AoeStats
← flo25

Migration

505502013Analyzed
1v1 RM · 22d ago on Sep 9, 2026· 38m 8s· 2 players
Game mode
Random Map
Map size
132×132
Population
200
Speed
Normal
Resources
Standard
Victory
Conquest
Starting age
Dark Age
Ending age
Imperial Age
RankedLock teamsTeams togetherTeam positionsShared explorationLock speedFull tech treeHidden civsTurbo modeCheats
Victory
Defeat
🇺🇸 Bengalis · United States
1166
+15
🇫🇷 Vikings · France
1147
-15
flo25
13:15 Feudal Age
14:14 Double-Bit Axe
17:58 Castle Age
16:04 Gold Mining
15:56 Horse Collar
16:18 Scale Mail Armor
16:29 Forging
17:57 Stone Mining
22:37 Bow Saw
23:27 Loom
25:41 Heavy Plow
33:50 Imperial Age
33:54 Elite Longship
35:02 Town Watch
Brown Kimchi
12:16 Feudal Age
12:53 Double-Bit Axe
12:57 Fishing Lines
13:28 Gold Mining
17:21 Castle Age
15:39 Fletching
18:15 Medium Warships
18:24 Bow Saw
18:52 Gold Shaft Mining
18:55 Bodkin Arrow
21:15 Gillnets
25:28 Imperial Age
23:50 Ballistics
23:54 Clinker Construction
27:46 Chemistry
27:08 Carvel Hull
26:59 Careening
27:45 Heavy Warships
27:54 Guilds
30:01 Stone Mining
31:14 Wheelbarrow
31:16 Town Watch
32:40 Dry Dock
33:17 Elite Cannon Galleon
36:19 Shipwright
Connection lost

Rejoining the realm…

Still unreachable

The connection could not be restored.

Session expired

The server has moved on; the page needs a fresh start.